 Dungeon Sprint DCSS version 0.30-a0-172-gc5509c9e31 (webtiles) character file.

Game seed: 1304424805158896033

1245 mhtbhm the Geomancer (level 8, -1/45 HPs)
             Began as a Gargoyle Earth Elementalist on Oct 1, 2022.
             Was a Believer of Vehumet.
             Slain by a centaur warrior (10 damage)
             ... in the Dungeon (Sprint IX: "|||||||||||||||||||||||||||||").
             The game lasted 00:03:00 (817 turns).

mhtbhm the Geomancer (Gargoyle Earth Elementalist)   Turns: 817, Time: 00:03:01

Health: -1/45      AC:  9    Str: 12    XL:     8   Next: 50%
Magic:  23/23      EV: 15    Int: 18    God:    Vehumet [**....]
Gold:   0          SH:  0    Dex: 16    Spells: 19/29 levels left

rFire   . . .      SeeInvis .    j - +2 morningstar (protect)
rCold   . . .      Faith    .    (no shield)
rNeg    + . .      Spirit   .    a - +0 robe
rPois   ∞          Reflect  .    (no helmet)
rElec   +          Harm     .    k - +0 cloak
rCorr   .          Rampage  .    l - +0 pair of gloves
Will    .....      NoTele   +    (no boots)
Stlth   +++.......               (no amulet)
HPRegen 0.27/turn                m - +3 ring of dexterity
MPRegen 0.18/turn                n - +3 ring of dexterity

@: no status effects
A: sickness immunity, AC +5, negative energy resistance 1, electricity
resistance, torment resistance 1, petrification resistance
a: Renounce Religion


You were in the Dungeon.
You worshipped Vehumet.
Vehumet was pleased with you.
You visited 1 branch

Inventory:

Hand Weapons
 j - a +2 morningstar of protection (weapon)
Armour
 a - a +0 robe (worn)
 k - a +0 cloak (worn)
 l - a +0 pair of gloves (worn)
Jewellery
 m - a +3 ring of dexterity (left hand)
 n - a +3 ring of dexterity (right hand)
Wands
 i - a wand of iceblast (8)
Scrolls
 h - 2 scrolls of amnesia
Potions
 b - 3 potions of magic
 c - a potion of curing


   Skills:
 + Level 2.4 Fighting
 - Level 1.1 Maces & Flails
 + Level 5.7 Dodging
 + Level 4.5 Stealth
 + Level 11.3 Spellcasting
 + Level 1.5 Conjurations
 + Level 1.2 Transmutations
 + Level 13.4 Earth Magic


You had 19 spell levels left.
You knew the following spells:

 Your Spells              Type           Power      Damage    Failure   Level
a - Sandblast             Erth           100%       2d20      1%          1
b - Passwall              Tmut/Erth      30%        N/A       1%          2
c - Stone Arrow           Conj/Erth      74%        3d11      1%          3
d - Petrify               Tmut/Erth      36%        N/A       3%          4

Your spell library contained the following spells:

 Spells                   Type           Power      Damage    Failure   Level
 Kiss of Death            Conj/Necr      52%        2d9       4%          1


Dungeon Overview and Level Annotations

Branches:
Dungeon (1/1)

Altars:
Cheibriados
Dithmenos
Elyvilon
Fedhas
Gozag
Hepliaklqana
Kikubaaqudgha
Makhleb
Nemelex Xobeh
Okawaru
Qazlal
Ru
Sif Muna
Trog
Uskayaw
Vehumet
Wu Jian
Xom
Yredelemnul
Zin
The Shining One
Jiyva
Lugonu


Innate Abilities, Weirdness & Mutations

You are immune to sickness and miasma.
Your stone body is resilient. (AC +5)
You are immune to poison.
You resist negative energy. (rN+)
You are resistant to electric shocks. (rElec)
You are resistant to unholy torment.
You are immune to petrification.


Message History

The stone arrow hits the centaur warrior.
The centaur warrior is almost dead.
The centaur warrior hits you. The centaur warrior kicks you.
The boulder beetle curls into a ball and begins rolling!
Unknown command.
Casting: Stone Arrow (safe; 1% risk of failure)
Confirm with . or Enter, or press ? or * to list all spells.
Aiming: Stone Arrow (safe; 1% risk of failure)
Press: ? - help, Shift-Dir - straight line, f/p - brown ugly thing
Aim: a brown ugly thing (moderately wounded, 74% to hit)
The stone arrow hits the centaur warrior.
The centaur warrior is almost dead.
The centaur warrior barely misses you.
The centaur warrior kicks you but does no damage.
The centaur warrior hits you.
The centaur warrior kicks you but does no damage.
Unknown command.
Casting: Stone Arrow (safe; 1% risk of failure)
Confirm with . or Enter, or press ? or * to list all spells.
Aiming: Stone Arrow (safe; 1% risk of failure)
Press: ? - help, Shift-Dir - straight line, f/p - brown ugly thing
Aim: a brown ugly thing (moderately wounded, 74% to hit)
The stone arrow misses the centaur warrior.
The stone arrow hits the brown ugly thing!!
The brown ugly thing is heavily wounded.
The centaur warrior barely misses you. The centaur warrior kicks you.
* * * LOW HITPOINT WARNING * * *
Unknown command.
Magic courses through your body. The centaur warrior hits you!
* * * LOW HITPOINT WARNING * * *
The centaur warrior kicks you but does no damage.
The boulder beetle stops rolling and uncurls.
The centaur warrior hits you.
* * * LOW HITPOINT WARNING * * *
The centaur warrior kicks you but does no damage.
You feel better.
The boulder beetle waves its antennae.
The boulder beetle curls into a ball and begins rolling!
The centaur warrior hits you!
You die... ▓▓▓▓▓▓▓▓▓▓▓▓▓▓▓▓▓▓▓▓▓▓▓▓▓▓▓▓▓▓▓▓▓ ..BJuc'..[B.BJuc@________________ ▓▓▓▓▓▓▓▓▓▓▓▓▓▓▓▓▓▓▓▓▓▓▓▓▓▓▓▓▓▓▓▓▓

You could see 2 boulder beetles, a brown ugly thing, a slime creature and a centaur warrior.

Vanquished Creatures
  A two-headed ogre (D)
  A troll (D)
  A wyvern (D)
  A vampire mosquito (D)
  A centaur (D)
  A killer bee (D)
  An iguana (D)
  A gnoll (D)
  2 adders (D)
  A worm (D)
  An endoplasm (D)
  A goblin (D)
  A hobgoblin (D)
  A jackal (D)
  A kobold (D)
16 creatures vanquished.

Notes
Turn   | Place    | Note
-------+----------+-------------------------------------------
     0 | D        | mhtbhm the Gargoyle Earth Elementalist began the quest for
                  | the Orb.
     0 | D        | Reached XP level 1. HP: 10/10 MP: 3/3
     6 | D        | Reached skill level 4 in Earth Magic
    31 | D        | Reached XP level 2. HP: 10/15 MP: 0/6
    95 | D        | Reached skill level 5 in Earth Magic
   136 | D        | Learned a level 2 spell: Passwall
   158 | D        | Reached skill level 1 in Transmutations
   158 | D        | Reached skill level 6 in Earth Magic
   158 | D        | Reached XP level 3. HP: 2/19 MP: 3/8
   164 | D        | Reached skill level 7 in Earth Magic
   164 | D        | Reached XP level 4. HP: 23/24 MP: 0/10
   169 | D        | Learned a level 3 spell: Stone Arrow
   174 | D        | Learned a level 4 spell: Petrify
   185 | D        | Found a snail-covered altar of Cheibriados.
   185 | D        | Found a shadowy altar of Dithmenos.
   185 | D        | Found a white marble altar of Elyvilon.
   185 | D        | Found a blossoming altar of Fedhas.
   185 | D        | Found an opulent altar of Gozag.
   186 | D        | Found a hazy altar of Hepliaklqana.
   187 | D        | Found a viscous altar of Jiyva.
   188 | D        | Found an ancient bone altar of Kikubaaqudgha.
   189 | D        | Found a corrupted altar of Lugonu.
   190 | D        | Found a burning altar of Makhleb.
   191 | D        | Found a sparkling altar of Nemelex Xobeh.
   192 | D        | Found an iron altar of Okawaru.
   193 | D        | Found a stormy altar of Qazlal.
   194 | D        | Found a sacrificial altar of Ru.
   195 | D        | Found a shimmering blue altar of Sif Muna.
   196 | D        | Found a bloodstained altar of Trog.
   197 | D        | Found a hide-covered altar of Uskayaw.
   198 | D        | Found a radiant altar of Vehumet.
   199 | D        | Found an ornate altar of the Wu Jian Council.
   200 | D        | Found a shimmering altar of Xom.
   201 | D        | Found a basalt altar of Yredelemnul.
   202 | D        | Found a glowing silver altar of Zin.
   203 | D        | Found a glowing golden altar of the Shining One.
   206 | D        | Became a worshipper of Vehumet
   271 | D        | Noticed a vampire mosquito
   271 | D        | Noticed a troll
   271 | D        | Noticed a two-headed ogre
   271 | D        | Noticed a wyvern
   271 | D        | Noticed a centaur
   274 | D        | Reached skill level 5 in Spellcasting
   274 | D        | Reached skill level 8 in Earth Magic
   276 | D        | Killed a centaur
   277 | D        | Reached skill level 9 in Earth Magic
   277 | D        | Reached XP level 5. HP: 16/28 MP: 5/14
   281 | D        | Killed a wyvern
   281 | D        | Reached * piety under Vehumet
   281 | D        | Offered knowledge of Freeze by Vehumet.
   282 | D        | Reached skill level 1 in Fighting
   282 | D        | Reached skill level 10 in Earth Magic
   282 | D        | Reached XP level 6. HP: 8/34 MP: 2/17
   361 | D        | Killed a two-headed ogre
   362 | D        | Reached skill level 5 in Dodging
   362 | D        | Reached skill level 10 in Spellcasting
   362 | D        | Reached skill level 1 in Conjurations
   362 | D        | Reached skill level 12 in Earth Magic
   362 | D        | Reached XP level 7. HP: 32/39 MP: 2/21
   362 | D        | Reached XP level 8. HP: 36/44 MP: 2/22
   371 | D        | Killed a troll
   372 | D        | Reached skill level 1 in Maces & Flails
   372 | D        | Reached skill level 13 in Earth Magic
   441 | D        | Offered knowledge of Kiss of Death by Vehumet.
   441 | D        | Reached ** piety under Vehumet
   517 | D        | Noticed a boulder beetle
   517 | D        | Noticed a tengu conjurer
   517 | D        | Noticed a boulder beetle
   517 | D        | Noticed a slime creature
   517 | D        | Noticed a brown ugly thing
   517 | D        | Noticed a centaur warrior
   804 | D        | HP: 2/45 [centaur warrior/arrow (11)]
   816 | D        | HP: 1/45 [centaur warrior (2)]
   817 | D        | Slain by a centaur warrior

Illustrated notes

Levels and vault maps discovered:
D:        linesprint [early_d, line_temple, items_1, d_10, items_2, lair_1,
          lair_end, items_3, orc_1, orc_end, items_4, d_15, swamp_1, shoals_1,
          snake_1, spider_1, d_20, vaults_1, items_5, swamp_end, shoals_end,
          snake_end, spider_end, vaults_end, d_27, items_6, zot_1, zot_end,
          crypt_end, forest_end, elf_end, slime_end, tomb_end, abyss_end,
          pan_hell_end]

Skill      XL: |  1  2  3  4  5  6  7  8 |
---------------+-------------------------+-----
Earth Magic    | 4 6 7 9 10 12 13 | 13.4
Spellcasting   | 3 4 6 8 10 11 | 11.3
Dodging        | 2 3 4 5 |  5.7
Transmutations | 1 |  1.2
Stealth        | 3 4 |  4.5
Fighting       | 1 2 |  2.4
Conjurations   | 1 |  1.5
Maces & Flails | 1 |  1.1

Action                   |  1- 3 |  4- 6 |  7- 9 || total
-------------------------+-------+-------+-------++-------
Melee: Unarmed           |    20 |       |       ||    20
       Morningstar       |       |       |     7 ||     7
       Punch             |       |       |     1 ||     1
 Cast: Sandblast         |    17 |     9 |     2 ||    28
       Stone Arrow       |       |     4 |    17 ||    21
       Petrify           |       |       |     2 ||     2
Evoke: Wand              |       |       |     2 ||     2
  Use: Potion            |     2 |     2 |     8 ||    12
       Scroll            |       |     1 |     1 ||     2
 Stab: Invisible         |       |       |     1 ||     1
Armor: Robe              |     8 |     5 |    18 ||    31
Dodge: Dodged            |    30 |    15 |    26 ||    71

Table legend: (Time is in decaauts)
 A = Elapsed time spent in this place.
 B = Non-inter-level travel time spent in this place.
 C = Inter-level travel time spent in this place.
 D = Time resting spent in this place.
 E = Time spent auto-exploring this place.
 F = Levels seen in this place.
 G = Mean time per level.
                   A        B        C        D        E       F      G
               +--------+--------+--------+--------+--------+-----+--------+
         Total |    829 |    829 |      0 |    496 |     29 |   1 |  829.0 |
       Dungeon |    829 |    829 |      0 |    496 |     29 |   1 |  829.0 |
               +--------+--------+--------+--------+--------+-----+--------+

Top non-repeatable levels by time:
       D: 829 daAuts
